[Event "Titled Tuesday Blitz August 09 Early 2022"]
[White "Salem, A.R. Saleh"]
[Black "Nakamura, Hikaru"]
[WhiteFideId "9301348"]
[BlackFideId "2016192"]
[WhiteElo "2674"]
[BlackElo "2850"]
[Result "0-1"]
[Round "07"]
[TimeControl "180+1"]
[Date "2022.08.09"]
[WhiteClock "0:00:03"]
[BlackClock "0:00:32"]

1. d4 Nf6 2. c4 e6 3. Nc3 Bb4 4. a3 Bxc3+ 5. bxc3 O-O 6. f3 c5 7. e4 d6 8. Bd3 Nc6 9. Ne2 b6 10. Bg5 h6 11. Bh4 e5 12. O-O g5 13. Bf2 Nh5 14. g4 Ng7 15. h4 h5 16. d5 Ne7 17. hxg5 Ng6 18. Be3 hxg4 19. Qe1 Nh5 20. fxg4 Bxg4 21. Ra2 Kg7 22. Rf5 Rh8 23. Qf2 Qe7 24. Ra1 Bxe2 25. Bxe2 Nhf4 26. Bg4 Rh4 27. Qg3 Rah8 28. Kf2 Rh2+ 29. Kf3 Nh4+ 0-1


[Site "https://www.chess.com"]

[Event "Titled Tuesday Blitz August 09 Early 2022"]
[White "Samant Aditya S"]
[Black "Demchenko, Anton"]
[WhiteFideId "35080580"]
[BlackFideId "4160258"]
[WhiteElo "1968"]
[BlackElo "2539"]
[Result "0-1"]
[Round "07"]
[TimeControl "180+1"]
[Date "2022.08.09"]
[WhiteClock "0:00:12"]
[BlackClock "0:00:07"]

1. Nf3 Nf6 2. b3 g6 3. Bb2 Bg7 4. g3 d6 5. Bg2 e5 6. O-O O-O 7. c4 a5 8. Nc3 Na6 9. a3 Bd7 10. d4 e4 11. Ne1 Re8 12. Nc2 c6 13. d5 Qe7 14. b4 axb4 15. axb4 c5 16. b5 Nb4 17. Ne3 Ng4 18. Nxg4 Bxg4 19. Rxa8 Rxa8 20. Qb3 e3 21. Ne4 exf2+ 22. Rxf2 Bf5 23. Bxg7 Kxg7 24. Qc3+ f6 25. Nd2 Ra2 26. e4 Bd7 27. h4 Rc2 28. Qe3 Qe5 29. Qf4 Qxf4 30. gxf4 Nd3 31. Re2 Nxf4 32. Rf2 Nd3 33. Re2 h5 34. Bf3 Ne5 35. Kf2 Nxc4 36. Nxc4 Rxc4 37. Ra2 Bxb5 38. Ra7 Ba6 39. Ra8 Rc2+ 40. Kg3 c4 41. Rd8 c3 42. Rd7+ Kf8 43. Rxd6 Ke7 44. Re6+ Kf7 45. e5 fxe5 46. Be4 Rd2 47. Bxg6+ Kg7 48. Be4 c2 49. Re7+ Kf6 50. Rc7 Bd3 51. Kf3 Bxe4+ 52. Kxe4 Rd4+ 53. Ke3 Rxd5 54. Rxc2 Kf5 55. Rb2 b5 56. Rf2+ Ke6 57. Ke4 Rd4+ 58. Ke3 Rxh4 59. Ra2 b4 60. Ra6+ Kf5 61. Ra8 Rh3+ 62. Ke2 b3 63. Rb8 Ke4 64. Rb4+ Kf5 65. Rb5 h4 66. Rb8 Rg3 67. Rh8 h3 68. Rf8+ Ke4 69. Rb8 Rg2+ 70. Kf1 b2 71. Rb4+ Kf5 72. Rb3 Rc2 73. Kg1 Rc1+ 0-1


[Site "https://www.chess.com"]

[Event "Titled Tuesday Blitz August 09 Early 2022"]
[White "Shimanov, Aleksandr"]
[Black "Zemlyanskii, Ivan"]
[WhiteFideId "4198603"]
[BlackFideId "24249971"]
[WhiteElo "2605"]
[BlackElo "1879"]
[Result "1-0"]
[Round "07"]
[TimeControl "180+1"]
[Date "2022.08.09"]
[WhiteClock "0:00:07"]
[BlackClock "0:00:01"]

1. e4 c6 2. d4 d5 3. Nd2 dxe4 4. Nxe4 Bf5 5. Ng3 Bg6 6. h4 h6 7. Nf3 Nd7 8. Bc4 e6 9. Qe2 Ngf6 10. O-O Bd6 11. Ne5 Bxe5 12. dxe5 Nd5 13. h5 Bh7 14. Qg4 Rg8 15. Bxd5 cxd5 16. Re1 Qc7 17. Qd4 Qc4 18. Be3 Qxd4 19. Bxd4 Bxc2 20. Rac1 Ba4 21. Rc3 Bc6 22. f4 g6 23. hxg6 fxg6 24. Nf1 Kf7 25. Ne3 Rac8 26. Rec1 a6 27. g4 Nb8 28. Ba7 Nd7 29. Bd4 a5 30. Kf2 Nb8 31. Kg3 Na6 32. Rh1 Rh8 33. Rc2 Bd7 34. Rch2 Nb4 35. Rxh6 Rxh6 36. Rxh6 Kg7 37. Rh1 Nc2 38. Nxc2 Rxc2 39. f5 gxf5 40. gxf5 Rd2 41. f6+ Kg6 42. Rh4 Rd3+ 43. Kf2 Be8 44. Ke2 Bb5 45. Ke1 Be8 46. Bc3 a4 47. a3 Kf5 48. Rh8 Bf7 49. Rh7 Bg6 50. f7 Bxf7 51. Rxf7+ Ke4 52. Rxb7 d4 53. Bd2 Rh3 54. Kd1 Kxe5 55. Rb4 Ke4 56. Rxa4 e5 57. Rb4 Rh1+ 58. Be1 Ke3 59. a4 d3 60. a5 e4 61. a6 Rh6 62. Ra4 Rh8 63. a7 Ra8 64. Ra3 Kd4 65. Ra4+ Ke3 66. Ra5 Kf3 67. Ra3 Ke3 68. Bd2+ Kf3 69. Ke1 Rh8 70. Kd1 Kf2 71. Be1+ Kf3 72. a8=Q Rxa8 73. Rxa8 e3 74. Rf8+ Ke4 75. Re8+ Kf3 76. b4 d2 77. Bxd2 exd2 78. Kxd2 1-0


[Site "https://www.chess.com"]

[Event "Titled Tuesday Blitz August 09 Early 2022"]
[White "Shohat, Yotam"]
[Black "Nemurov, Aleksandr"]
[WhiteFideId "2813955"]
[BlackFideId "4194187"]
[WhiteElo "2119"]
[BlackElo "2190"]
[Result "1-0"]
[Round "07"]
[TimeControl "180+1"]
[Date "2022.08.09"]
[WhiteClock "0:01:02"]
[BlackClock "0:02:00"]

1. e4 c6 2. Nc3 d5 3. Nf3 dxe4 4. Nxe4 Nf6 5. Qe2 Nxe4 6. Qxe4 Qd5 7. Qh4 Qe6+ 8. Be2 Qg4 9. Qg3 Qxg3 10. hxg3 Bf5 11. b3 f6 12. Bb2 e5 13. O-O-O Bc5 14. d4 exd4 15. Nxd4 Bc8 16. Bh5+ g6 17. Bxg6+ Kf8 18. Nf5 Bxf5 19. Bxf5 Kg7 20. g4 Bxf2 21. Rd6 Be3+ 22. Kb1 Bg5 23. Rh5 h6 24. Rxg5+ hxg5 25. Bxf6+ Kg8 26. Rd8+ Kf7 27. Bxh8 1-0


[Site "https://www.chess.com"]

[Event "Titled Tuesday Blitz August 09 Early 2022"]
[White "Shpanko, Nadiia"]
[Black "Pourkashiyan, Atousa"]
[WhiteFideId "14132400"]
[BlackFideId "12502014"]
[WhiteElo "2139"]
[BlackElo "2247"]
[Result "1-0"]
[Round "07"]
[TimeControl "180+1"]
[Date "2022.08.09"]
[WhiteClock "0:00:47"]
[BlackClock "0:01:17"]

1. c4 e5 2. Nc3 Nf6 3. g3 d5 4. cxd5 Nxd5 5. Bg2 Nb6 6. Nf3 Nc6 7. O-O Be7 8. d3 O-O 9. a3 Re8 10. b4 Bf8 11. Bb2 Bg4 12. h3 Bh5 13. g4 Bg6 14. Qb3 a5 15. b5 a4 16. Qc2 Nd4 17. Nxd4 exd4 18. Ne4 Nd5 19. Bxd4 Nf4 20. Bb2 Qh4 21. Qxc7 Nxh3+ 22. Bxh3 Qxh3 23. Qg3 Qh6 24. Bc1 Bxe4 25. Bxh6 Bg6 26. Be3 Rad8 27. Rfc1 Bd6 28. f4 f5 29. gxf5 Bxf5 30. Kf2 Re6 31. Bc5 Bb8 32. Rg1 Rg6 33. Qh4 Rd5 34. Rxg6 Bxg6 35. Rc1 Bxf4 36. Qxf4 Rf5 37. Qxf5 Bxf5 38. Bd6 h5 39. Rc7 1-0


[Site "https://www.chess.com"]

[Event "Titled Tuesday Blitz August 09 Early 2022"]
[White "Shuvalov, Evgenij"]
[Black "Bristy, Mukherjee"]
[WhiteFideId "4187237"]
[BlackFideId "25077325"]
[WhiteElo "2058"]
[BlackElo "1661"]
[Result "1-0"]
[Round "07"]
[TimeControl "180+1"]
[Date "2022.08.09"]
[WhiteClock "0:00:11"]
[BlackClock "0:00:02"]

1. Nf3 f5 2. e4 d5 3. e5 e6 4. d4 Be7 5. Nc3 c5 6. dxc5 Bxc5 7. Ne2 Nc6 8. c3 Qc7 9. Bf4 Qb6 10. Ned4 Qxb2 11. Rb1 Qxc3+ 12. Bd2 Bxd4 13. Bxc3 Bxc3+ 14. Ke2 b6 15. Qa4 Ne7 16. Rc1 b5 17. Qxb5 Rb8 18. Qa4 Rb4 19. Qa3 Bb2 20. Qe3 Re4 21. Rc2 Rxe3+ 22. fxe3 Bxe5 23. Nxe5 Nxe5 24. Kd2 Kd7 25. Bb5+ N7c6 26. Rhc1 Bb7 27. Rc5 Kd6 28. Ba4 Rb8 29. Rb5 Ba6 30. Rxb8 Nxb8 31. Bb3 Nc4+ 32. Bxc4 Bxc4 33. Rb1 Nc6 34. a3 Ba6 35. g3 e5 36. h4 d4 37. exd4 exd4 38. Re1 Ne5 39. Rb1 Nc4+ 40. Ke1 Nxa3 41. Rb8 d3 42. Kd2 1-0


[Site "https://www.chess.com"]

[Event "Titled Tuesday Blitz August 09 Early 2022"]
[White "Shuvalova, Polina"]
[Black "Xu, Yi"]
[WhiteFideId "24171760"]
[BlackFideId "8605564"]
[WhiteElo "2330"]
[BlackElo "2471"]
[Result "0-1"]
[Round "07"]
[TimeControl "180+1"]
[Date "2022.08.09"]
[WhiteClock "0:00:02"]
[BlackClock "0:00:21"]

1. e4 c5 2. Nf3 d6 3. Bb5+ Nd7 4. d4 cxd4 5. Qxd4 a6 6. Bxd7+ Bxd7 7. O-O Nf6 8. Bg5 e6 9. c4 Bc6 10. Nc3 Be7 11. Rad1 O-O 12. Rfe1 h6 13. Bxf6 Bxf6 14. Qxd6 Bxc3 15. bxc3 Qa5 16. Qb4 Qxa2 17. Ra1 Qc2 18. Nd4 Qd2 19. Rad1 Qg5 20. Nxc6 bxc6 21. e5 a5 22. Qa4 c5 23. g3 Qf5 24. Ra1 h5 25. h4 Rfd8 26. Qc6 Qd3 27. Qxc5 Rdc8 28. Qb5 Qxc4 29. Rxa5 Qxc3 30. Rea1 Qxa1+ 31. Rxa1 Rxa1+ 32. Kg2 Rac1 33. Qb3 R1c5 34. Qf3 Rxe5 35. Qf4 Rec5 36. Qd4 Rf5 37. Qd3 Ra8 38. Qb3 Raa5 39. Qc4 Rad5 40. Qc3 Kh7 41. Qb4 Rd1 42. Qc3 Rfd5 43. Qc2+ g6 44. Qc7 Kg7 45. Qc3+ Kg8 46. Qc8+ Rd8 47. Qc3 R1d2 48. Qc7 R8d5 49. Qc8+ Kh7 50. Qc7 Rf5 0-1


[Site "https://www.chess.com"]

[Event "Titled Tuesday Blitz August 09 Early 2022"]
[White "Silvestre, Christian"]
[Black "Ponce Cano, Adrian"]
[WhiteFideId "30956269"]
[BlackFideId "22296913"]
[WhiteElo "2308"]
[BlackElo "2261"]
[Result "0-1"]
[Round "07"]
[TimeControl "180+1"]
[Date "2022.08.09"]
[WhiteClock "0:00:05"]
[BlackClock "0:00:11"]

1. Nf3 d5 2. d4 Nf6 3. Bf4 e6 4. e3 Bd6 5. Bg3 O-O 6. Bd3 c5 7. c3 Nc6 8. Nbd2 Rb8 9. a4 a6 10. Qe2 c4 11. Bc2 Re8 12. Bxd6 Qxd6 13. O-O b5 14. axb5 axb5 15. e4 e5 16. Nxe5 Nxe5 17. dxe5 Rxe5 18. Nf3 Bg4 19. Qe3 Bxf3 20. gxf3 dxe4 21. fxe4 Rbe8 22. f4 Rh5 23. e5 Qd7 24. Qf3 Ng4 25. h3 Rh4 26. Qg3 g5 27. fxg5 Qd2 28. hxg4 Qxc2 29. Qxh4 Qd2 30. Qf2 Qd5 31. Qf3 Qc5+ 32. Qf2 Qd5 33. Rae1 Re7 34. Qe3 Qe6 35. Qf4 Qb6+ 36. Kg2 Qc6+ 37. Kg3 Rd7 38. Qf3 Rd3 39. Rf2 Rxf3+ 40. Rxf3 Qe6 41. Ref1 Qxe5+ 42. Rf4 Qe3+ 43. R1f3 Qg1+ 44. Kh3 Qh1+ 45. Kg3 Qg1+ 46. Kh3 Qh1+ 47. Kg3 h5 48. gxh5 Qg1+ 49. Kh4 Qh1+ 50. Kg4 Qg2+ 51. Rg3 Qxb2 52. g6 fxg6 53. hxg6 Qe2+ 54. Rgf3 b4 55. Kg5 Qe5+ 56. Rf5 Qe7+ 57. Kh6 b3 58. Rf7 Qh4# 0-1


[Site "https://www.chess.com"]

[Event "Titled Tuesday Blitz August 09 Early 2022"]
[White "Siva Mahadevan"]
[Black "Melikyan, Gnel"]
[WhiteFideId "25043153"]
[BlackFideId "54109990"]
[WhiteElo "2203"]
[BlackElo "1772"]
[Result "1-0"]
[Round "07"]
[TimeControl "180+1"]
[Date "2022.08.09"]
[WhiteClock "0:00:09"]
[BlackClock "0:00:06"]

1. e4 c5 2. Nf3 Nc6 3. Nc3 e5 4. Bc4 d6 5. d3 Be7 6. O-O Nf6 7. Ng5 O-O 8. f4 h6 9. Nf3 a6 10. a3 b5 11. Ba2 Nh7 12. Qe1 Nd4 13. Nxd4 exd4 14. Nd5 Be6 15. Qg3 Kh8 16. Bd2 Bh4 17. Qf3 Be7 18. Rae1 Nf6 19. f5 Bxd5 20. exd5 Nd7 21. Bf4 Re8 22. Qh5 Kg8 23. c3 Bg5 24. Rxe8+ Qxe8 25. Bxd6 Qe3+ 26. Kh1 Qxd3 27. Rd1 Qxf5 28. cxd4 cxd4 29. Qe2 Be3 30. Bb1 Qf6 31. Bg3 Rd8 32. d6 Ne5 33. Rf1 Qxd6 34. Ba2 Rd7 35. Qh5 Bg5 36. h4 Bf6 37. Qf5 d3 38. Bxe5 Bxe5 39. Bxf7+ Kh8 40. Be8 Rd8 41. Qf8+ Kh7 42. Bg6+ Kxg6 43. Qf5# 1-0


[Site "https://www.chess.com"]

[Event "Titled Tuesday Blitz August 09 Early 2022"]
[White "Skliarov, Viktor"]
[Black "Nasir, Zehn"]
[WhiteFideId "14106736"]
[BlackFideId "2613239"]
[WhiteElo "2257"]
[BlackElo "1993"]
[Result "1/2-1/2"]
[Round "07"]
[TimeControl "180+1"]
[Date "2022.08.09"]
[WhiteClock "0:00:07"]
[BlackClock "0:00:10"]

1. e4 c6 2. d4 d5 3. e5 Bf5 4. Nf3 e6 5. Be2 Nd7 6. O-O Ne7 7. a4 h6 8. a5 a6 9. b4 g5 10. Ne1 Ng6 11. g4 Bxg4 12. Bxg4 Bxb4 13. Bd2 Be7 14. Bh5 O-O 15. Ng2 c5 16. c3 Kg7 17. f4 f5 18. exf6+ Bxf6 19. fxg5 Bxg5 20. Bxg6 Kxg6 21. Rxf8 Nxf8 22. Qg4 cxd4 23. h4 dxc3 24. Nxc3 Nh7 25. hxg5 Nxg5 26. Rf1 Qe7 27. Bxg5 hxg5 28. Nf4+ Kh6 29. Qh5+ Kg7 30. Qg6+ Kh8 31. Rf3 g4 32. Qxg4 Rg8 33. Rh3+ Qh7 34. Rxh7+ Kxh7 35. Qxg8+ Kxg8 36. Nxe6 Kf7 37. Nc5 d4 38. N3e4 d3 39. Nxb7 Ke6 40. Nbc5+ Kd5 41. Nxa6 Kxe4 42. Kf2 Kd5 43. Ke3 Kc4 44. Nb4 Kxb4 45. a6 Kc3 46. a7 d2 47. a8=Q d1=Q 48. Qc6+ Kb2 49. Qb5+ Qb3+ 50. Qxb3+ Kxb3 1/2-1/2


[Site "https://www.chess.com"]

[Event "Titled Tuesday Blitz August 09 Early 2022"]
[White "Smietanska, Wiktoria"]
[Black "Fiorito, Joaquin"]
[WhiteFideId "21869359"]
[BlackFideId "180173"]
[WhiteElo "1883"]
[BlackElo "1758"]
[Result "0-1"]
[Round "07"]
[TimeControl "180+1"]
[Date "2022.08.09"]
[WhiteClock "0:00:12"]
[BlackClock "0:00:58"]

1. c4 Nf6 2. Nc3 c6 3. g3 d5 4. cxd5 cxd5 5. d4 Nc6 6. Bg2 Bf5 7. Nf3 e6 8. O-O h6 9. h4 Be7 10. Bf4 O-O 11. Qd2 Ne4 12. Nxe4 dxe4 13. Ne5 Nxd4 14. Rfd1 Nc6 15. Nd7 Re8 16. Rac1 Rc8 17. Bxh6 gxh6 18. Qxh6 Qa5 19. h5 Ne5 20. Nf6+ Bxf6 21. Qxf6 Ng4 22. Qg5+ Kh7 23. Bxe4 Rg8 24. Bxf5+ Qxf5 25. Qxf5+ exf5 0-1


[Site "https://www.chess.com"]

[Event "Titled Tuesday Blitz August 09 Early 2022"]
[White "Sohier, Julien"]
[Black "Lehtosaari, Mauri"]
[WhiteFideId "645346"]
[BlackFideId "501999"]
[WhiteElo "2209"]
[BlackElo "2498"]
[Result "0-1"]
[Round "07"]
[TimeControl "180+1"]
[Date "2022.08.09"]
[WhiteClock "0:02:16"]
[BlackClock "0:00:25"]

1. e4 d5 2. exd5 Qxd5 3. Nc3 Qe5+ 4. Qe2 Qxe2+ 5. Bxe2 Bf5 6. d3 c6 7. Nf3 Nd7 8. Bf4 e6 9. O-O-O Bb4 10. Ne4 Bxe4 11. dxe4 Ngf6 12. Bd3 Nc5 13. Be5 Nxd3+ 14. Rxd3 Nxe4 15. Bxg7 Rg8 16. Bd4 Rxg2 17. Rg1 Rxg1+ 18. Nxg1 b6 19. f3 Ng5 20. h4 e5 21. Bxe5 Ne6 22. f4 Rd8 23. Rxd8+ Kxd8 24. Nf3 Ke7 25. Ng5 f6 26. Nxe6 fxe5 27. Ng5 exf4 28. Nxh7 f3 29. Kd1 Ke6 30. c3 Be7 31. Ke1 Bxh4+ 32. Kf1 Be7 0-1


[Site "https://www.chess.com"]

[Event "Titled Tuesday Blitz August 09 Early 2022"]
[White "Solon, Nathan"]
[Black "Zhigalko, Sergei"]
[WhiteFideId "2017229"]
[BlackFideId "13502956"]
[WhiteElo "2648"]
[BlackElo "2662"]
[Result "0-1"]
[Round "07"]
[TimeControl "180+1"]
[Date "2022.08.09"]
[WhiteClock "0:00:26"]
[BlackClock "0:00:21"]

1. e4 c5 2. Nf3 Nc6 3. d3 g6 4. g3 Bg7 5. Bg2 e5 6. O-O Nge7 7. c3 O-O 8. a3 d5 9. Nbd2 d4 10. cxd4 cxd4 11. b4 h6 12. b5 Na5 13. Nb3 Be6 14. Nc5 Bg4 15. Bd2 Rc8 16. Nb3 Nxb3 17. Qxb3 Be6 18. Qa4 Qd7 19. Rfc1 a6 20. Rab1 Rxc1+ 21. Bxc1 Rc8 22. Bd2 Rc5 23. Qa5 Rxb5 24. Rxb5 axb5 25. Ne1 Bb3 26. Bb4 Ba4 27. Qb6 Nc6 28. Bc5 Bf6 29. h4 Bd8 0-1


[Site "https://www.chess.com"]

[Event "Titled Tuesday Blitz August 09 Early 2022"]
[White "Srihari L R"]
[Black "Uskov, Artem"]
[WhiteFideId "46617116"]
[BlackFideId "34254854"]
[WhiteElo "2170"]
[BlackElo "2335"]
[Result "1-0"]
[Round "07"]
[TimeControl "180+1"]
[Date "2022.08.09"]
[WhiteClock "0:00:06"]
[BlackClock "0:00:02"]

1. e4 Nf6 2. e5 Nd5 3. Nc3 Nb6 4. a4 a5 5. d4 d6 6. exd6 exd6 7. Nf3 Be7 8. Bd3 Bg4 9. h3 Bh5 10. O-O Nc6 11. d5 Bxf3 12. Qxf3 Ne5 13. Bb5+ c6 14. Qe2 cxb5 15. Qxb5+ Ned7 16. Be3 O-O 17. Rfe1 Bf6 18. Ne4 Be7 19. Ng3 Nc5 20. Nf5 Nxd5 21. Bxc5 dxc5 22. Rad1 Bf6 23. Qxc5 Qc8 24. Rxd5 Qxc5 25. Rxc5 g6 26. Ne3 Bxb2 27. Rb5 Bc3 28. Reb1 Bd4 29. Nd5 Rad8 30. Rxa5 Rfe8 31. c3 Be5 32. Rxb7 Kg7 33. c4 Bd6 34. g3 Re4 35. Raa7 Rf8 36. Rd7 Bb8 37. Rab7 Rxc4 38. a5 Ra4 39. Ne7 Be5 40. Nc6 Bf6 41. Ra7 Ra1+ 42. Kg2 Ra2 43. a6 h5 44. h4 Kg8 45. Nb4 Ra4 46. Nd5 Be5 47. Ne7+ Kg7 48. Nc6 Bf6 49. Rdb7 Ra2 50. Rb6 Kg8 51. Rd7 Ra8 52. a7 Kg7 53. Rb8 R8xa7 54. Rxa7 Rc2 55. Nd8 Bd4 56. Rxf7+ Kh6 57. Ne6 Bxf2 58. Rh8# 1-0


[Site "https://www.chess.com"]

[Event "Titled Tuesday Blitz August 09 Early 2022"]
[White "Sychev, Klementy"]
[Black "Mardov, Dimitar"]
[WhiteFideId "4114060"]
[BlackFideId "30919495"]
[WhiteElo "2564"]
[BlackElo "2185"]
[Result "1-0"]
[Round "07"]
[TimeControl "180+1"]
[Date "2022.08.09"]
[WhiteClock "0:00:37"]
[BlackClock "0:00:06"]

1. d4 Nf6 2. c4 e6 3. Nc3 d5 4. cxd5 exd5 5. Bg5 c6 6. e3 Nbd7 7. Bd3 Bd6 8. Nf3 O-O 9. Qc2 h6 10. Bh4 Re8 11. O-O Nf8 12. h3 g5 13. Bg3 Bxg3 14. fxg3 Rxe3 15. Ne5 Qb6 16. Qf2 Qxd4 17. Rae1 Rxd3 18. Nxd3 Qxf2+ 19. Rxf2 Kg7 20. Re7 Bd7 21. Ne5 Be6 22. Rxb7 d4 23. Ne2 c5 24. b4 Rc8 25. Rxa7 Ng6 26. Nxg6 Kxg6 27. bxc5 d3 28. Nd4 Ne4 29. Rf3 d2 30. Rd3 Bc4 31. Rxd2 Nxd2 32. c6 Ne4 33. c7 Nf6 34. Nc6 Nd5 35. Ne5+ Kg7 36. Nxc4 Rxc7 37. Rxc7 Nxc7 38. Kf2 Kf6 39. Ke3 Ke6 40. Kd4 Nb5+ 41. Kc5 Nc3 42. a3 Kf5 43. Kd4 Nb5+ 44. Ke3 Nc3 45. g4+ Ke6 46. Kd3 Nd5 47. g3 Nc7 48. Kd4 f5 49. a4 fxg4 50. hxg4 Kf6 51. a5 Kg6 52. Ke5 h5 53. Kd6 Na6 54. Ne5+ Kh6 55. gxh5 Kxh5 56. Kc6 g4 57. Kb6 Nb4 58. Kb5 Nd5 59. a6 Nc7+ 60. Kb6 Nxa6 61. Kxa6 Kg5 62. Nd3 Kf5 63. Nf2 Ke5 64. Nxg4+ Ke4 65. Nh2 Ke3 66. g4 Kf4 67. Kb6 1-0


[Site "https://www.chess.com"]

[Event "Titled Tuesday Blitz August 09 Early 2022"]
[White "Szpar, Milosz"]
[Black "Khabinets, Ivan"]
[WhiteFideId "1184989"]
[BlackFideId "14115980"]
[WhiteElo "2422"]
[BlackElo "2114"]
[Result "1/2-1/2"]
[Round "07"]
[TimeControl "180+1"]
[Date "2022.08.09"]
[WhiteClock "0:00:02"]
[BlackClock "0:00:25"]

1. e4 c5 2. Nf3 Nc6 3. Bb5 Nf6 4. Nc3 g6 5. Bxc6 dxc6 6. e5 Nd5 7. Ne4 b6 8. h3 Bg7 9. d3 h6 10. g4 f5 11. gxf5 Bxf5 12. Qe2 Qd7 13. Bd2 O-O-O 14. O-O-O Rhf8 15. c4 Nc7 16. Bc3 Bxh3 17. e6 Nxe6 18. Bxg7 Nxg7 19. Ne5 Qe6 20. Nxg6 Bg4 21. Nxf8 Rxf8 22. f3 Rxf3 23. Rdf1 Qf5 24. Nd2 Rxf1+ 25. Qxf1 Qxf1+ 26. Rxf1 Nf5 27. Ne4 h5 28. Kd2 Kd7 29. a3 Ke6 30. b4 cxb4 31. axb4 Nd4 32. Kc3 Ke5 33. Ra1 h4 34. Rxa7 Nf5 35. Nf2 Bf3 36. Rb7 Kf4 37. Kd2 Kg3 38. Ke1 Nd4 39. Rxe7 Nc2+ 40. Kf1 Bg2+ 41. Kg1 h3 42. Rg7+ Kf3 43. Rf7+ Ke3 44. Re7+ Kd4 45. Kh2 Nxb4 46. Rb7 Nxd3 47. Rd7+ Kxc4 48. Nxd3 b5 49. Ne5+ Kc3 50. Kg3 b4 51. Rd3+ Kc2 52. Rd4 b3 53. Rc4+ Kd2 54. Rb4 Kc3 55. Rc4+ Kd2 56. Rb4 Bd5 57. Nf3+ Bxf3 58. Rxb3 Bg2 59. Rb6 c5 60. Rc6 c4 61. Rxc4 Ke3 62. Rh4 Ke2 63. Rxh3 Bxh3 1/2-1/2


[Site "https://www.chess.com"]

[Event "Titled Tuesday Blitz August 09 Early 2022"]
[White "Sztokbant, Bernardo Vainzoff"]
[Black "Aldokhin, Ivan"]
[WhiteFideId "2115956"]
[BlackFideId "24115720"]
[WhiteElo "2209"]
[BlackElo "2246"]
[Result "0-1"]
[Round "07"]
[TimeControl "180+1"]
[Date "2022.08.09"]
[WhiteClock "0:00:02"]
[BlackClock "0:00:04"]

1. e4 c5 2. Nf3 e6 3. d4 cxd4 4. Nxd4 Nc6 5. Nc3 Qc7 6. Be3 a6 7. Be2 Nf6 8. O-O Be7 9. f4 d6 10. a4 O-O 11. Nb3 Bd7 12. a5 Rac8 13. Bf3 Nb4 14. Rf2 Qb8 15. Rd2 Bc6 16. Qe2 d5 17. e5 Ne4 18. Bxe4 dxe4 19. Nd4 Nd5 20. Nxe4 Nxe3 21. Qxe3 Bd5 22. b3 Bxe4 23. Qxe4 Rc3 24. Kh1 Bc5 25. Rad1 g6 26. Ne2 Re3 27. Qc4 Ba7 28. Ng3 Rc8 29. Qf1 Qc7 30. Ne2 h5 31. c3 Qxa5 32. b4 Qb5 33. h3 Qc6 34. Kh2 Qc4 35. Qe1 Qe4 36. Rd8+ Rxd8 37. Rxd8+ Kg7 38. Qh4 g5 39. Qxg5+ Qg6 40. Qe7 Kh7 41. Qf8 Qg7 42. Qxg7+ Kxg7 43. Ng3 h4 44. Nh5+ Kg6 45. Nf6 Re1 46. Rg8+ Kf5 47. Rg5+ Kxf4 48. Rg4+ Kxe5 49. Nd7+ Kd6 50. Nc5 Bxc5 51. bxc5+ Kxc5 52. Rxh4 b5 53. Rf4 f5 54. h4 Rd1 55. h5 Rd8 56. g4 fxg4 57. Rxg4 Rh8 58. Rh4 a5 59. Kg3 a4 60. Kg4 a3 61. Rh2 Kc4 62. Kg5 Kxc3 63. h6 b4 64. Kg6 b3 65. Kg7 Rxh6 66. Kxh6 a2 67. Rh1 b2 68. Rh3+ Kd4 69. Rh4+ Kd5 0-1


[Site "https://www.chess.com"]

[Event "Titled Tuesday Blitz August 09 Early 2022"]
[White "Ternault, Mathieu"]
[Black "Kashefi, Amir Hosein"]
[WhiteFideId "20641532"]
[BlackFideId "12557935"]
[WhiteElo "2249"]
[BlackElo "1962"]
[Result "0-1"]
[Round "07"]
[TimeControl "180+1"]
[Date "2022.08.09"]
[WhiteClock "0:00:05"]
[BlackClock "0:00:45"]

1. e4 c6 2. d4 d5 3. Nc3 dxe4 4. Nxe4 Nd7 5. Nf3 Ngf6 6. Neg5 e6 7. Bc4 h6 8. Nh3 Bd6 9. O-O Qc7 10. Re1 O-O 11. Qe2 c5 12. dxc5 Nxc5 13. Ne5 a6 14. a4 b6 15. Ng4 Nce4 16. Bd3 Bb7 17. Be3 Nxg4 18. Qxg4 Bxh2+ 19. Kh1 Nf6 20. Qh4 Be5 21. c3 Rad8 22. Bf1 Nh7 23. a5 bxa5 24. Ra4 Bf6 25. Qh5 Rd5 26. Qe2 Rfd8 27. Rg4 Kf8 28. Nf4 Rg5 29. Kg1 Rxg4 30. Qxg4 Ng5 31. b4 Bxc3 32. Bc5+ Kg8 33. Re3 axb4 34. Ba7 Bxg2 35. Rg3 Bxf1 36. Nh5 Qxa7 0-1


[Site "https://www.chess.com"]

[Event "Titled Tuesday Blitz August 09 Early 2022"]
[White "Toncheva, Nadya"]
[Black "Petrova, Irina"]
[WhiteFideId "2924056"]
[BlackFideId "14124122"]
[WhiteElo "1888"]
[BlackElo "2021"]
[Result "1-0"]
[Round "07"]
[TimeControl "180+1"]
[Date "2022.08.09"]
[WhiteClock "0:00:09"]
[BlackClock "0:00:13"]

1. d4 d6 2. c4 e5 3. d5 Be7 4. Nc3 a5 5. e4 Na6 6. Bd3 Nc5 7. Bc2 Nf6 8. Nge2 O-O 9. O-O h6 10. f3 Nh7 11. Be3 b6 12. a3 Bg5 13. Bf2 Bd7 14. b4 Nb7 15. Qd3 Ra7 16. Ng3 Qa8 17. b5 Qd8 18. Nf5 Nc5 19. Qe2 g6 20. Ne3 f5 21. exf5 gxf5 22. Rae1 Qf6 23. Ned1 Raa8 24. Kh1 Rae8 25. Bxc5 bxc5 26. Qf2 Qg7 27. Ne2 Kh8 28. f4 Bd8 29. fxe5 dxe5 30. Qxc5 Rg8 31. Qf2 f4 32. Rg1 Ng5 33. Ndc3 Be7 34. Ne4 Nxe4 35. Bxe4 Bd6 36. Nc1 Bxa3 37. Nd3 Bf8 38. Qh4 Be7 39. Qf2 Bf6 40. Qf3 Ra8 41. Ra1 a4 42. Nc5 a3 43. Nxd7 Qxd7 44. Qh5 Bg7 45. Qg6 1-0


[Site "https://www.chess.com"]

[Event "Titled Tuesday Blitz August 09 Early 2022"]
[White "Vagman, Roy"]
[Black "Volkov, Maksim"]
[WhiteFideId "2828995"]
[BlackFideId "54123070"]
[WhiteElo "1956"]
[BlackElo "2155"]
[Result "0-1"]
[Round "07"]
[TimeControl "180+1"]
[Date "2022.08.09"]
[WhiteClock "0:00:03"]
[BlackClock "0:00:07"]

1. Nf3 d5 2. g3 Bg4 3. Bg2 c6 4. O-O e6 5. d4 Nf6 6. Ne5 Bf5 7. c4 Nbd7 8. Nxd7 Qxd7 9. Nc3 dxc4 10. e4 Bg6 11. Qe2 b5 12. e5 Nd5 13. Ne4 Be7 14. b3 c3 15. a4 b4 16. h4 h6 17. h5 Bf5 18. g4 Bh7 19. f4 Nc7 20. Be3 Nd5 21. Rad1 Kd8 22. Nc5 Bxc5 23. dxc5 Kc7 24. Qa6 Qc8 25. Qa5+ Kd7 26. Qxb4 c2 27. Rd2 Rb8 28. Qc4 Ke7 29. Bxd5 cxd5 30. Qc3 Kd7 31. f5 Kc6 32. b4 exf5 33. b5+ Kd7 34. Rxd5+ Ke8 35. e6 fxe6 36. Rd6 Kf7 37. gxf5 Bxf5 38. Qxc2 Rd8 39. Qd2 Qc7 40. Qd4 Qe7 41. Qe5 Qh4 42. Rxf5+ exf5 43. Qe6+ Kf8 44. Qxf5+ Kg8 45. Qd5+ Kh8 46. Rxd8+ Rxd8 47. Qf3 Qxa4 48. c6 Qxb5 49. Bxa7 Qb1+ 50. Kg2 Qa2+ 51. Bf2 Qc4 52. Kh2 Rc8 53. c7 Qxc7+ 54. Bg3 Qc2+ 55. Kh3 Qc6 56. Qf4 Qe6+ 57. Kh2 Rc2+ 58. Bf2 Qd5 59. Qf8+ Kh7 60. Qf4 Qxh5+ 61. Kg1 Qg6+ 62. Kh2 Re2 63. Qf3 Qe4 64. Qf7 Qe5+ 65. Kg1 Qf6 66. Qc4 Qxf2+ 67. Kh1 Qg2# 0-1


[Site "https://www.chess.com"]

[Event "Titled Tuesday Blitz August 09 Early 2022"]
[White "Vasquez Schroeder, Rodrigo"]
[Black "Pulpan, Jakub"]
[WhiteFideId "3400042"]
[BlackFideId "302759"]
[WhiteElo "2567"]
[BlackElo "2451"]
[Result "1-0"]
[Round "07"]
[TimeControl "180+1"]
[Date "2022.08.09"]
[WhiteClock "0:01:02"]
[BlackClock "0:00:10"]

1. e4 c5 2. Nf3 Nc6 3. Bb5 g6 4. c3 Bg7 5. d4 cxd4 6. cxd4 a6 7. Ba4 b5 8. Bb3 Na5 9. Bd5 Ra7 10. a3 Nf6 11. Nc3 Nxd5 12. Nxd5 e6 13. Nc3 d5 14. e5 O-O 15. h4 f6 16. exf6 Qxf6 17. Bg5 Qf5 18. O-O h6 19. Be3 Nc4 20. Qe2 Nxe3 21. Qxe3 Raf7 22. Rae1 Qg4 23. Ne5 Bxe5 24. Qxe5 Qxh4 25. f3 Rf5 26. Qe3 Rh5 27. Ne2 Rff5 28. Rc1 Bd7 29. f4 Qh2+ 30. Kf2 Rh4 31. Ke1 Qxg2 32. Rg1 Rh1 33. Kd2 Rxg1 34. Rxg1 Qe4 35. Rxg6+ Kf7 36. Qg3 Rg5 37. Rxg5 hxg5 38. fxg5 Kg6 39. Qd6 Be8 40. Qe7 Bc6 41. Qf6+ Kh5 42. Ng3+ 1-0


[Site "https://www.chess.com"]